 Dungeon Crawl Stone Soup version 0.23.2-1-ga50397a (webtiles) character file.

Game seed: 14937186369726262676

198 MalarOregon the Ruffian (level 5, 0/45 HPs)
             Began as a Ghoul Gladiator on May 29, 2019.
             Killed from afar by an orc wizard (12 damage)
             ... with a puff of flame
             ... on level 3 of the Dungeon.
             The game lasted 00:05:32 (2048 turns).

MalarOregon the Ruffian (Ghoul Gladiator)           Turns: 2048, Time: 00:05:33

Health: 0/45       AC:  4    Str: 19    XL:     5   Next: 76%
Magic:  4/4        EV: 12    Int:  3    God:
Gold:   84         SH:  0    Dex: 10    Spells: 4/4 levels left

rFire    . . .     SeeInvis .     - Unarmed
rCold    + + .     Gourm    .   (no shield)
rNeg     + + +     Faith    .   a - +0 leather armour
rPois    ∞         Spirit   .   b - +0 helmet
rElec    .         Reflect  .   (no cloak)
rCorr    .         Harm     .   (no gloves)
MR       .....                  (no boots)
Stlth    +.........             (no amulet)
HPRegen  0.00/turn              o - ring of protection from cold
MPRegen  0.09/turn              (no ring)

@: rotting
A: rotting body, claws 1, carnivore, cold resistance 1, negative energy
resistance 3, inhibited regeneration, torment resistance, unbreathing
a: no special abilities


You were on level 3 of the Dungeon.
You were not hungry.

You visited 1 branch of the dungeon, and saw 3 of its levels.

You collected 84 gold pieces.

Inventory:

Hand Weapons
 r - a +0 blowgun
   (You took it off a kobold on level 3 of the Dungeon)
Missiles
 c - 3 throwing nets (quivered) {!f}
 n - 5 tomahawks
 s - 7 poisoned needles
Armour
 a - a +0 leather armour (worn)
 b - a +0 helmet (worn)
Jewellery
 o - a ring of protection from cold (left claw)
   (You found it on level 1 of the Dungeon)
Scrolls
 h - 3 scrolls of remove curse {@r2}
 i - a scroll of blinking {unknown}
 l - a scroll of identify {@r1}
 m - 2 scrolls of enchant weapon
 t - a scroll of teleportation {unknown}
 u - a scroll of immolation {unknown}
Potions
 d - a potion of invisibility {unknown}
 g - 3 potions of berserk rage {unknown}
 j - a potion of degeneration {unknown}
 k - 3 potions of curing {unknown}
Comestibles
 e - 5 rations {!d}


   Skills:
 + Level 3.3 Fighting
 + Level 2.9 Throwing
 + Level 3.4 Dodging
 * Level 5.0 Unarmed Combat


You had 4 spell levels left.
You didn't know any spells.
Your spell library contained the following spells:

 Spells                   Type           Power        Failure   Level  Hunger
 Animate Skeleton         Necr           N/A          58%         1    ##.....
 Apportation              Tloc           #.....       58%         1    ##.....
 Confusing Touch          Hex            #.....       58%         1    ##.....
 Summon Small Mammal      Summ           #...         58%         1    ##.....


Dungeon Overview and Level Annotations

Branches:
Dungeon (3/15)

Altars:
Fedhas
Nemelex Xobeh


Innate Abilities, Weirdness & Mutations

Your body is rotting away.
You thrive on raw meat.
You are immune to poison.
You have sharp fingernails.
You are carnivorous and can eat meat at any time.
Your flesh is cold resistant. (rC+)
You are immune to negative energy. (rN+++)
You do not regenerate when monsters are visible.
You are immune to unholy pain and torment.
You can survive without breathing.


Message History

Eat one of 4 chunks of flesh? (ye/n/q)
You eat one of the 4 chunks of flesh.
This raw flesh tastes great!
The adder bites you but does no damage.
Eat one of 3 chunks of flesh? (ye/n/q)
You eat one of the 3 chunks of flesh.
This raw flesh tastes great!
The adder barely misses you.
The orc priest invokes the aid of Beogh against you.
Beogh smites you!
* * * LOW HITPOINT WARNING * * *
The adder bites you.
* * * LOW HITPOINT WARNING * * *
Eat one of 2 chunks of flesh? (ye/n/q)
You eat one of the 2 chunks of flesh.
This raw flesh tastes great!
The orc priest looks satisfied for a moment.
The adder bites you.
* * * LOW HITPOINT WARNING * * *
Eat a chunk of flesh? (ye/n/q)
You eat the chunk of flesh.
This raw flesh tastes great!
The adder barely misses you.
The orc priest looks braver for a moment.
The adder bites you but does no damage. The adder bites you but does no damage.
A puff of frost appears from out of thin air!
The puff of frost misses you. The adder bites you.
* * * LOW HITPOINT WARNING * * *
As you read the scroll labeled FIFADU BIDIADU, it crumbles to dust.
It is a scroll of identify.
m - 2 scrolls of enchant weapon The adder misses you.
As you read the scroll labeled FALUTO XOAR, it crumbles to dust.
You feel blessed for a moment.
It was a scroll of remove curse.
As you read the scroll labeled IRRASTR REAR, it crumbles to dust.
It is a scroll of amnesia.
You feel forgetful for a moment. The adder closely misses you.
Something hits you.
* * * LOW HITPOINT WARNING * * *
The adder barely misses you. Something hits you but does no damage.
As you read the scroll labeled PIONEYPIEJ, it crumbles to dust.
You assume a fearsome visage.
The adder looks frightened!
The orc looks frightened!
The orc priest looks frightened!
The adder looks frightened!
It was a scroll of fear.
Something barely misses you.
You hear some strange, mumbled words.
A puff of frost appears from out of thin air!
The puff of frost misses you.
A puff of flame appears from out of thin air!
The puff of flame hits you!
You die...

....##.########..........########
.................................
###..#.########.....#############
##...## ##..### #.S.
##...########..### #.#.
###.............### ####.#.
#.##........#...#####......
#.......##..............###
#####..#######@####........##
###.....#######..# ##.......#
.#...............# #.......#
......##.#######.# #..÷....#
......##.# ##.# #.......#
...#####.# #..# #.......# ...#
#.# #.## ######### ..## #.## #.#
..## #..# #.#


There were no monsters in sight!

Vanquished Creatures
  An orc wizard (D:3)
  4 gnolls (D:2)
  6 adders
  2 worms (D:2)
  A leopard gecko (D:2)
  5 orcs (D:3)
  8 bats
  4 giant cockroaches
  7 goblins
  6 hobgoblins
  3 jackals (D:3)
  A quokka (D:2)
  4 frilled lizards
  10 kobolds
  8 rats
70 creatures vanquished.

Notes
Turn   | Place    | Note
-------+----------+-------------------------------------------
     0 | D:1      | MalarOregon the Ghoul Gladiator began the quest for the
                  | Orb.
     0 | D:1      | Reached XP level 1. HP: 17/17 MP: 0/0
   307 | D:1      | Reached XP level 2. HP: 25/25 MP: 1/1
   337 | D:1      | Found a sparkling altar of Nemelex Xobeh.
   617 | D:2      | Reached XP level 3. HP: 19/30 MP: 2/2
   799 | D:2      | Reached skill level 4 in Unarmed Combat
   833 | D:2      | Reached XP level 4. HP: 29/37 MP: 3/3
  1234 | D:2      | Found a blossoming altar of Fedhas.
  1363 | D:2      | Reached XP level 5. HP: 45/45 MP: 4/4
  1995 | D:3      | Reached skill level 5 in Unarmed Combat
  2019 | D:3      | HP: 2/45 [adder (3)]
  2048 | D:3      | Killed from afar by an orc wizard

Skill      XL: |  1  2  3  4  5 |
---------------+----------------+-----
Throwing       | 2 |  2.9
Dodging        | 3 |  3.4
Unarmed Combat | 4 5 |  5.0
Fighting       | 3 |  3.3

Action                   |  1- 3 |  4- 6 || total
-------------------------+-------+-------++-------
Melee: Unarmed           |    77 |   176 ||   253
       Punch             |     1 |     3 ||     4
  Use: Scroll            |       |     4 ||     4
 Stab: Sleeping          |       |     1 ||     1
  Eat: Chunk             |     1 |    10 ||    11
Armor: Leather armour    |    21 |    48 ||    69
Dodge: Dodged            |    51 |   100 ||   151
